 Dungeon Crawl Stone Soup version 0.23.1-37-gaa34b87 (webtiles) character file.

Game seed: 4736056106834776198

392814 vishdafish the Peltast (level 23, -10/221 HPs)
             Began as an Octopode Fighter on Mar 21, 2019.
             Was an Initiate of Gozag.
             Mangled by a stone giant (21 damage)
             ... on level 3 of the Vaults.
             The game lasted 02:27:18 (59721 turns).

vishdafish the Peltast (Octopode Fighter)          Turns: 59721, Time: 02:27:20

Health: -10/221    AC: 34    Str: 34    XL:     23   Next: 13%
Magic:  40/46      EV: 16    Int: 22    God:    Gozag
Gold:   5806       SH: 21    Dex: 15    Spells: 8/43 levels left

rFire    + . .     SeeInvis .     - Unarmed
rCold    + + +     Gourm    .   a - +0 shield
rNeg     + . .     Faith    .   u - +2 hat
rPois    ∞         Spirit   .   U - +4 amulet of reflection
rElec    +         Reflect  +   N - ring of Buetofaj {rC+ MR+ Int+4}
rCorr    .         Harm     .   K - ring "Xokiyd" {Wiz rC++}
MR       +++++     Clarity  +   T - ring of wizardry
Stlth    ++........             s - ring of the Mage {Wiz MR++ Int+3}
HPRegen  0.46/turn              q - ring of Okawaru's Scorn {+Fly rF+ MR+ MP+9 Dex-4}
MPRegen  0.30/turn              C - ring "Erhotzem" {rElec MR- Str+5 Dex+4}
                                k - +5 ring of protection
                                I - ring "Jiukhuan" {Wiz +Fly rPois Str+5 Dex+3}

@: statue-form, singing, gold aura, very slow
A: almost no armour, stealthy swim, amphibious, 8 rings, constrict 8, camouflage
1, blurry vision 1, clarity, deterioration 1, magic resistance 1, poison
resistance, robust 1, strong 2
}: 2/15 runes: decaying, serpentine
a: End Transformation, Potion Petition, Call Merchant, Bribe Branch, Renounce
Religion, Evoke Flight


You were on level 3 of the Vaults.
You worshipped Gozag.
Gozag was greatly pleased with you.
You were hungry.
You were a stone statue.
You visited 9 branches of the dungeon, and saw 39 of its levels.
You visited the Abyss 3 times.
You visited 1 bazaar.
You also visited: Gauntlet and Wizlab.

You collected 20106 gold pieces.
You spent 7228 gold pieces at shops.
You paid 7072 gold pieces to Gozag.

Inventory:

Missiles
 y - 37 javelins (quivered)
Armour
 a - a +0 shield (worn)
 u - a +2 hat (worn)
Magical Staves
 t - an uncursed staff of wizardry
Jewellery
 k - a +5 ring of protection (on tentacle)
 q - the ring of Okawaru's Scorn (on tentacle) {+Fly rF+ MR+ MP+9 Dex-4}
   (You found it in a Gauntlet)

   [ring of flight]

   It affects your dexterity (-4).
   It protects you from fire.
   It affects your resistance to hostile enchantments.
   It affects your magic capacity (+9).
   It lets you fly.
 s - the ring of the Mage (on tentacle) {Wiz MR++ Int+3}
   (You took it off a deep elf sorcerer on level 3 of the Elven Halls)

   [ring of wizardry]

   It improves your spell success rate.
   It affects your intelligence (+3).
   It affects your resistance to hostile enchantments.
 C - the ring "Erhotzem" (on tentacle) {rElec MR- Str+5 Dex+4}
   (You acquired it on level 6 of the Lair of Beasts)

   [ring of strength]

   It affects your strength (+5).
   It affects your dexterity (+4).
   It insulates you from electricity.
   It affects your resistance to hostile enchantments.
 I - the ring "Jiukhuan" (on tentacle) {Wiz +Fly rPois Str+5 Dex+3}
   (You took it off a deep elf demonologist on level 3 of the Elven Halls)

   [ring of wizardry]

   It improves your spell success rate.
   It affects your strength (+5).
   It affects your dexterity (+3).
   It protects you from poison.
   It lets you fly.
 K - the ring "Xokiyd" (right tentacle) {Wiz rC++}
   (You bought it in a shop on level 1 of the Depths)

   [ring of wizardry]

   It improves your spell success rate.
   It greatly protects you from cold.
 N - the ring of Buetofaj (left tentacle) {rC+ MR+ Int+4}
   (You found it on level 2 of the Vaults)

   [ring of protection from cold]

   It affects your intelligence (+4).
   It protects you from cold.
   It affects your resistance to hostile enchantments.
 T - a ring of wizardry (on tentacle)
 U - a +4 amulet of reflection (around mantle)
Wands
 n - a wand of acid (16)
 x - a wand of enslavement (7)
 E - a wand of digging (9)
 H - a wand of disintegration (13)
 Z - a wand of paralysis (5)
Scrolls
 e - 16 scrolls of remove curse
 f - 10 scrolls of amnesia
 g - 19 scrolls of teleportation
 i - 7 scrolls of immolation
 j - 7 scrolls of summoning
 p - 2 scrolls of fear
 v - 6 scrolls of fog
 w - 9 scrolls of enchant weapon
 D - 2 scrolls of silence
 F - 7 scrolls of magic mapping
 L - 8 scrolls of enchant armour
 S - 13 scrolls of identify
 W - a scroll of torment
 Y - 2 scrolls of holy word
Potions
 b - 5 potions of might
 d - 8 potions of agility
 h - 4 potions of brilliance
 l - 7 potions of cancellation
 m - 3 potions of haste
 o - a potion of flight
 r - 7 potions of mutation
 z - 3 potions of magic
 G - 6 potions of resistance
 J - 5 potions of invisibility
 M - a potion of ambrosia
 O - 6 potions of curing
 X - 4 potions of lignification
Miscellaneous
 P - 2 boxes of beasts
 Q - a lamp of fire (inert)
 R - a phial of floods
Comestibles
 c - 19 rations


   Skills:
 - Level 12.4 Fighting
 - Level 7.0 Dodging
 - Level 19.0 Shields
 - Level 17.0 Unarmed Combat
 - Level 10.7 Spellcasting
 - Level 11.1 Hexes
 + Level 12.0 Charms
 + Level 12.0 Summonings
 - Level 12.1 Transmutations
 - Level 12.1 Earth Magic
 - Level 7.4 Evocations


You had 8 spell levels left.
You knew the following spells:

 Your Spells              Type           Power        Failure   Level  Hunger
a - Confusing Touch       Hex            ######       1%          1    None
b - Invisibility          Hex            ######..     1%          6    ######.
c - Tukima's Dance        Hex            ######..     1%          3    None
d - Statue Form           Tmut/Erth      ######...    1%          6    ######.
e - Dragon Form           Tmut           ######....   4%          7    #######
f - Apportation           Tloc           ##....       1%          1    None
g - Blink                 Tloc           N/A          1%          2    None
h - Aura of Abjuration    Summ           ######....   1%          5    ####...
i - Passwall              Tmut/Erth      ######..     1%          2    None
j - Song of Slaying       Chrm           ######..     1%          2    None

Your spell library contained the following spells:

 Spells                   Type           Power        Failure   Level  Hunger
 Animate Skeleton         Necr           N/A          1%          1    None
 Beastly Appendage        Tmut           ######       1%          1    None
 Corona                   Hex            ######.      1%          1    None
 Freeze                   Ice            ##..         1%          1    None
 Infusion                 Chrm           ####         1%          1    None
 Magic Dart               Conj           ##..         1%          1    None
 Pain                     Necr           ##..         1%          1    None
 Sandblast                Erth           ######       1%          1    None
 Shock                    Conj/Air       ##..         1%          1    None
 Sting                    Conj/Pois      ##..         1%          1    None
 Summon Butterflies       Summ           ######..     1%          1    None
 Summon Small Mammal      Summ           ####         1%          1    None
 Call Imp                 Summ           ######..     1%          2    None
 Ensorcelled Hibernation  Hex/Ice        #####.       1%          2    None
 Poisonous Vapours        Pois/Air       ##....       1%          2    None
 Shroud of Golubria       Chrm/Tloc      #####.....   1%          2    None
 Slow                     Hex            ######..     1%          2    None
 Sticks to Snakes         Tmut           ######..     1%          2    None
 Sublimation of Blood     Necr           ##........   1%          2    None
 Swiftness                Chrm/Air       #####...     1%          2    None
 Throw Flame              Conj/Fire      ##....       1%          2    None
 Throw Frost              Conj/Ice       ##....       1%          2    None
 Call Canine Familiar     Summ           ######..     1%          3    None
 Confuse                  Hex            ######..     1%          3    None
 Dazzling Spray           Conj/Hex       #####.       1%          3    None
 Inner Flame              Hex/Fire       #####...     1%          3    None
 Ozocubu's Armour         Chrm/Ice       #####...     1%          3    None
 Portal Projectile        Hex/Tloc       #####.       1%          3    None
 Regeneration             Chrm/Necr      #####.....   1%          3    None
 Spectral Weapon          Hex/Chrm       ######..     1%          3    None
 Spider Form              Tmut/Pois      #####.....   1%          3    None
 Stone Arrow              Conj/Erth      #####.       1%          3    None
 Summon Guardian Golem    Hex/Summ       ######..     1%          3    None
 Cause Fear               Hex            ######....   1%          4    #......
 Ice Form                 Ice/Tmut       #####...     1%          4    #......
 Leda's Liquefaction      Hex/Erth       ######....   1%          4    #......
 Petrify                  Tmut/Erth      ######..     1%          4    #......
 Summon Ice Beast         Ice/Summ       #####...     1%          4    #......
 Summon Lightning Spire   Summ/Air       #####...     1%          4    #......
 Alistair's Intoxication  Tmut/Pois      #####...     1%          5    ####...
 Blade Hands              Tmut           ######....   1%          5    ####...
 Borgnjor's Vile Clutch   Necr/Erth      #####.....   1%          5    ####...
 Irradiate                Conj/Tmut      #####.....   1%          5    ####...
 Iskenderun's Battlesphe  Conj/Chrm      #####...     1%          5    ####...
 Lee's Rapid Deconstruct  Erth           ######....   1%          5    ####...
 Yara's Violent Unravell  Hex/Tmut       ######....   1%          5    ####...
 Darkness                 Hex            ######....   1%          6    ######.
 Hydra Form               Tmut           ######....   1%          6    ######.
 Conjure Flame            Conj/Fire      ##......     2%          3    None
 Gell's Gravitas          Tloc           ##........   2%          3    None
 Lesser Beckoning         Tloc           ##........   2%          3    None
 Mephitic Cloud           Conj/Pois/Air  ##......     2%          3    None
 Static Discharge         Conj/Air       ##......     2%          3    None
 Vampiric Draining        Necr           ##........   2%          3    None
 Metabolic Englaciation   Hex/Ice        #####.....   2%          5    ####...
 Bolt of Magma            Conj/Fire/Erth ####......   4%          5    ####...
 Airstrike                Air            ##........   9%          4    #......
 Animate Dead             Necr           N/A          9%          4    #......
 Olgreb's Toxic Radiance  Pois           ##......     9%          4    #......
 Passage of Golubria      Tloc           N/A          9%          4    #......
 Throw Icicle             Conj/Ice       ##......     9%          4    #......
 Iron Shot                Conj/Erth      #####.....   10%         6    ######.
 Bolt of Draining         Conj/Necr      ##........   21%         5    ####...
 Dispel Undead            Necr           ##......     21%         5    ####...
 Lightning Bolt           Conj/Air       ##........   21%         5    ####...
 Venom Bolt               Conj/Pois      ##........   21%         5    ####...
 Ring of Flames           Chrm/Fire      #####.....   43%         7    #######
 Spellforged Servitor     Conj/Summ      #####.....   43%         7    #######
 Bolt of Cold             Conj/Ice       ##........   67%         6    ######.
 Bolt of Fire             Conj/Fire      ##........   67%         6    ######.
 Death Channel            Necr           ##........   67%         6    ######.
 Freezing Cloud           Conj/Ice/Air   ##........   67%         6    ######.
 Ozocubu's Refrigeration  Ice            ##........   67%         6    ######.
 Simulacrum               Ice/Necr       ##........   67%         6    ######.
 Orb of Destruction       Conj           ##........   99%         7    #######
 Shatter                  Erth           ######....   98%         9    #######


Dungeon Overview and Level Annotations

Branches:
Dungeon (15/15)            Temple (1/1) D:5            Lair (6/6) D:10
  Swamp (4/4) Lair:2        Snake (4/4) Lair:3        Slime (0/5) Lair:5
    Orc (2/2) D:9             Elf (3/3) Orc:2        Vaults (3/5) D:13
  Crypt (0/3) Vaults:2     Depths (1/5) D:15

Altars:
Ashenzari
Cheibriados
Dithmenos
Elyvilon
Fedhas
Gozag
Hepliaklqana
Kikubaaqudgha
Makhleb
Ru
Sif Muna
Trog
Uskayaw
Vehumet
Wu Jian
Xom
Yredelemnul
Zin
The Shining One

Shops:
D:5 !?   D:8 :?   D:12 :=   D:14 }   D:15 (   Orc:1 [   Orc:2 [:%?   Elf:1 =
Lair:3 :   Lair:6 ?   Snake:4 **   Depths:1 =

Portals:
Pandemonium: Orc:2

Annotations:
Lair:2 exclusion: oklob plant


Innate Abilities, Weirdness & Mutations

You cannot wear most types of armour.
You are very stealthy in the water. (Stealth+)
You are amphibious.
You can wear up to eight rings at the same time.
You can use your tentacles to constrict eight enemies at once.
Your skin changes colour to match your surroundings (Stealth+).
((Your rubbery body absorbs attacks. (AC +1, EV +1)))
((You are partially covered in yellow scales. (AC +2)))
Scrolls take you a little longer to read.
You possess an exceptional clarity of mind.
Your body sometimes deteriorates upon taking damage.
You are resistant to hostile enchantments. (MR+)
Your system is resistant to poisons. (rPois)
You are robust. (+10% HP)
Your muscles are very strong. (Str +4)


Message History

The orc knight becomes distracted by the nearby gold, dreaming of imaginary riches.
The orc knight shouts!
As you read the scroll of fear, it crumbles to dust.
You assume a fearsome visage.
The deep troll looks frightened! x2
The fire giant resists with almost no effort.
The ironbrand convoker looks frightened!
The yaktaur easily resists.
The orc knight looks frightened!
The stone giant resists with almost no effort.
The orc knight looks frightened!
The orc priest looks frightened!
Okay, then.
Unknown command.
You batter the fire giant!! Your squeeze misses the fire giant.
The fire giant is moderately wounded.
The ironbrand convoker is no longer distracted by gold.
The fire giant points at you and mumbles some strange words.
The bolt of fire hits you!! You resist.
* * * LOW HITPOINT WARNING * * *
The stone giant hits you!!
You die...
Your body crumbles into a pile of gold.

.........# .......
.........# ##.....
.........# ..... .........#
$.° <........# #$#
.........#####$#############
.........'.((.$...T.........
##########...($.....oo.o....
..# #....$.8C°○.c.p.... ..#
#.......C..°☼☼..... ..#
#.......T...####### ..#
#..........(# #.#
#...........# ..#
#$..........# #.#
#...........#
..########...........#
).'......


You could see a fire giant, a stone giant, 2 orc knights, 2 deep trolls, an
ironbrand convoker (fleeing), a yaktaur shaped shifter and an orc priest
(fleeing).

Vanquished Creatures
  An ancient lich (Vaults:2)
  Saint Roka (Elf:3)
  Bai Suzhen (Snake:4)
  Nikola (Snake:1)
  The ghost of Soammui the Slayer, an adept MiBe of Trog (Elf:1)
  A mutant beast (WizLab)
  A hellephant (Abyss:2)
  Rupert (Orc:1)
  Jorgrun (Swamp:2)
  5 liches
  Asterion (D:15)
  3 deep elf blademasters (Elf:3)
  The ghost of shugdite the Bludgeoner, an adept MiFi of Okawaru (Vaults:2)
  A deep elf master archer (Elf:3)
  3 tentacled starspawn (Abyss:2)
  Kirke (D:14)
  Agnes (Snake:1)
  Roxanne (Snake:1)
  4 nagarajas
  Donald (Orc:1)
  A fire giant (Depths:1)
  2 vault wardens (Vaults:2)
  2 frost giants (Depths:1)
  8 deep elf sorcerers
  Aizul (Snake:1)
  3 deep elf elementalists (Elf:3)
  A ghoul (Vaults:2)
  16 very ugly things
  5 ironheart preservers
  An entropy weaver (Vaults:1)
  A vampire knight (Depths:1)
  6 deep elf demonologists
  7 stone giants
  10 deep elf annihilators
  Azrael (D:12)
  A minotaur (Gauntlet)
  3 dire elephants
  3 ettins
  4 deep elf death magi
  A fire dragon (D:14)
  Snorg (Lair:5)
  A death ooze (Gauntlet)
  10 naga warriors
  3 rakshasas
  A yaktaur captain (Vaults:1)
  Fannar (Orc:1)
  8 ogre magi
  16 hydras
  2 deep elf high priests (Elf:3)
  2 great orbs of eyes
  2 ice dragons
  A ghost crab (Swamp:3)
  2 vault guards
  7 anacondas
  3 death knights (Vaults:2)
  5 centaur warriors
  Erica (Orc:1)
  4 shambling mangroves
  13 alligators
  A two-headed ogre (shapeshifter) (Depths:1)
  4 deep troll shamans
  21 two-headed ogres
  A queen ant (shapeshifter) (WizLab)
  A tengu warrior (D:15)
  A thrashing horror (Abyss:2)
  9 orc high priests
  11 naga sharpshooters
  5 deep troll earth magi
  Urug (Orc:1)
  An iron golem (WizLab)
  A shock serpent (shapeshifter) (D:15)
  Nergalle (Lair:2)
  21 deep elf knights
  A sun demon (Orc:2)
  7 shock serpents
  2 fire crabs (shapeshifter)
  4 wretched stars (Abyss:2)
  3 salamander mystics
  A fire crab (Lair:6)
  2 torturous demonspawn (Orc:2)
  2 shadow wraiths (Vaults:2)
  14 skeletal warriors
  An iron troll (Depths:1)
  6 unseen horrors (shapeshifter)
  A sixfirhy (Abyss:2)
  10 naga ritualists
  4 unseen horrors
  3 swamp dragons (Swamp:4)
  7 deep trolls
  3 spriggan druids
  10 starcursed masses (Abyss:2)
  19 deep elf archers
  4 ironbrand convokers
  2 infernal demonspawn
  5 wizards
  10 orc knights
  3 lindwurms (Swamp:4)
  A necromancer (D:15)
  12 salamanders
  2 orb spiders (shapeshifter) (WizLab)
  6 mana vipers
  3 harpies (shapeshifter)
  8 orc sorcerers
  8 manticores
  2 wolf spiders
  2 salamanders (shapeshifter) (WizLab)
  24 ugly things
  74 deep elf magi
  14 elephants
  8 cyclopes
  A centaur zombie (D:13)
  11 vault sentinels
  A spriggan zombie (Depths:1)
  A torpor snail (Lair:3)
  3 gargoyles
  3 guardian serpents
  A torpor snail (shapeshifter) (WizLab)
  16 spiny frogs
  Psyche (D:8)
  34 black mambas
  A black mamba (shapeshifter) (Elf:3)
  A guardian serpent (shapeshifter) (WizLab)
  17 naga magi
  A smoke demon (Orc:2)
  A spiny frog (shapeshifter) (Elf:2)
  A kobold demonologist (D:12)
  8 komodo dragons
  A redback zombie (D:13)
  3 efreet
  A golden dragon simulacrum (Depths:1)
  A komodo dragon (shapeshifter) (WizLab)
  A hellwing (Orc:1)
  An ice devil (Orc:2)
  A freezing wraith (Vaults:2)
  An ancient zyme (Abyss:2)
  10 yaktaurs
  A queen bee (shapeshifter) (WizLab)
  A troll (shapeshifter) (D:15)
  2 tengu conjurers
  3 meliai
  A jumping spider (shapeshifter) (WizLab)
  5 meliai (shapeshifter)
  5 tyrant leeches
  A red devil (Abyss:2)
  12 trolls
  A wind drake (shapeshifter) (Vaults:2)
  10 hornets
  9 bog bodies
  10 blink frogs
  7 raiju (Abyss:2)
  7 dream sheep
  A blink frog (shapeshifter) (D:13)
  A frost giant simulacrum (Depths:1)
  A stone giant simulacrum (Depths:1)
  7 hippogriffs
  46 slime creatures
  Sigmund (D:6)
  16 large abominations
  6 vampires
  2 redbacks (Vaults:1)
  4 air elementals
  6 spriggans
  3 shadows
  A wyvern (shapeshifter) (WizLab)
  9 water elementals
  4 ynoxinuls
  A hog (shapeshifter) (WizLab)
  A wyvern (D:12)
  2 humans (D:14)
  2 chaos spawn
  6 wraiths
  3 tarantellas (shapeshifter)
  3 hogs (D:14)
  54 yaks
  2 neqoxecs (Abyss:2)
  5 fire elementals
  10 vampire mosquitoes
  6 hungry ghosts
  5 basilisks
  18 swamp worms
  3 wargs
  46 nagas
  3 acid dragons
  2 soldier ants (shapeshifter) (WizLab)
  A water moccasin (shapeshifter) (WizLab)
  A soldier ant (D:15)
  7 hell hounds
  17 water moccasins
  4 floating eyes (WizLab)
  18 porcupines
  2 black bears
  49 orc warriors
  A phantom (D:10)
  10 swamp drakes
  4 sky beasts
  2 necrophages
  An eye of draining (D:15)
  24 ogres
  5 ice beasts
  4 wolves (Lair:4)
  A boggart (shapeshifter) (WizLab)
  4 boggarts
  11 centaurs
  19 crocodiles
  5 big kobolds
  A wyvern zombie (D:14)
  18 bullfrogs
  2 gnoll sergeants (D:9)
  12 small abominations
  A glowing shapeshifter simulacrum (Vaults:2)
  4 scorpions
  A water moccasin skeleton (D:11)
  15 killer bees
  7 wights
  An electric eel (Lair:2)
  2 bullfrog zombies
  4 crimson imps
  3 howler monkeys
  9 hounds
  A bullfrog skeleton (D:3)
  2 gnoll shamans
  8 jellies
  2 quasits (Abyss:2)
  24 orc priests
  4 centaur skeletons
  6 iguanas
  Ijyb (D:3)
  14 worker ants
  29 orc wizards
  10 hell rats
  A hound skeleton (D:4)
  Robin (D:3)
  15 gnolls
  11 adders
  3 shadow imps
  13 white imps
  An ufetubus (Abyss:2)
  2 oozes (D:3)
  2 adder skeletons (D:5)
  An adder zombie (D:8)
  3 worms (D:6)
  5 dart slugs
  9 leopard geckos
  110 orcs
  A ball python (D:7)
  5 giant cockroaches
  13 goblins
  5 hobgoblins
  13 jackals
  3 quokkas
  8 bats
  5 frilled lizards
  13 kobolds
  A leopard gecko skeleton (D:4)
  12 rats
  A lurking horror (Abyss:2)
  5 plants
  3 starspawn tentacles (Abyss:2)
1671 creatures vanquished.

Vanquished Creatures (collateral kills)
  A naga warrior (Snake:4)
  A hydra (D:12)
  An elephant (Lair:5)
  A black mamba (Lair:6)
  A spiny frog (Lair:6)
  A yak (Lair:6)
  An orc warrior (Orc:1)
  An ogre (Orc:1)
  A killer bee (D:9)
9 creatures vanquished.

Vanquished Creatures (others)
  A deep elf master archer (Elf:3)
  A merfolk javelineer (Depths:1)
  A yaktaur captain (Vaults:1)
  27 dancing weapons
  4 naga sharpshooters
  A deep elf knight (Elf:2)
  A spriggan druid (Swamp:4)
  2 deep elf archers
  3 deep elf magi
  2 naga magi
  9 yaktaurs (Depths:1)
  A human (D:14)
  2 nagas
  A killer bee (D:9)
  4 centaurs (D:13)
  A jelly (D:12)
  An orc (D:12)
  3 bushes
  3 demonic plants (Gauntlet)
  9 fungi
  18 plants
  4 starspawn tentacles (Abyss:2)
99 creatures vanquished.

Grand Total: 1779 creatures vanquished

Notes
Turn   | Place    | Note
-------+----------+-------------------------------------------
     0 | D:1      | vishdafish the Octopode Fighter began the quest for the
                  | Orb.
     0 | D:1      | Reached XP level 1. HP: 16/16 MP: 1/1
   221 | D:1      | Reached XP level 2. HP: 21/21 MP: 2/2
  1397 | D:2      | Reached XP level 3. HP: 22/26 MP: 3/3
  1731 | D:2      | Reached XP level 4. HP: 31/31 MP: 4/4
  1747 | D:2      | Reached skill level 4 in Shields
  1754 | D:2      | Found a blossoming altar of Fedhas.
  1757 | D:2      | Found a glowing silver altar of Zin.
  1760 | D:2      | Found a deep blue altar of Sif Muna.
  1763 | D:2      | Found a sacrificial altar of Ru.
  1817 | D:2      | Found a white marble altar of Elyvilon.
  2335 | D:3      | Reached XP level 5. HP: 29/36 MP: 5/5
  2814 | D:3      | Found a faded altar of an unknown god.
  2814 | D:3      | Found a radiant altar of Vehumet.
  2819 | D:3      | Found a faded altar of an unknown god.
  2821 | D:3      | Found a shattered altar of Ashenzari.
  2823 | D:3      | Found a hide-covered altar of Uskayaw.
  2876 | D:4      | Noticed Robin
  2945 | D:4      | Noticed Ijyb
  3091 | D:3      | Killed Ijyb
  3150 | D:3      | Killed Robin
  3298 | D:4      | Reached skill level 5 in Shields
  3298 | D:4      | Reached XP level 6. HP: 29/42 MP: 6/6
  4022 | D:4      | Reached skill level 5 in Unarmed Combat
  4420 | D:5      | Entered Level 5 of the Dungeon
  4420 | D:5      | Found a staircase to the Ecumenical Temple.
  4446 | D:5      | Found Ereavvay's Magic Scroll Boutique.
  4463 | Temple   | Entered the Ecumenical Temple
  4562 | Temple   | Became a worshipper of Gozag Ym Sagoz the Greedy
  4622 | D:5      | Reached XP level 7. HP: 39/46 MP: 7/7
  4665 | D:5      | Reached skill level 6 in Shields
  4855 | D:5      | Found Cuhiun's Distillery.
  4862 | D:5      | Bought a potion of curing for 33 gold pieces
  4862 | D:5      | Bought a potion of heal wounds for 55 gold pieces
  5076 | D:5      | Found Jelell's Magic Scroll Emporium.
  5099 | D:5      | Reached XP level 8. HP: 41/52 MP: 8/8
  5353 | D:5      | Reached skill level 7 in Shields
  5540 | D:6      | Found a snail-covered altar of Cheibriados.
  6461 | D:6      | Noticed Sigmund
  6471 | D:6      | Killed Sigmund
  6471 | D:6      | Reached skill level 8 in Shields
  6542 | D:6      | Gained mutation: One of your tentacles bears a spike.
                  | [potion of mutation]
  6542 | D:6      | Gained mutation: You have supernaturally acute eyesight.
                  | (SInv) [potion of mutation]
  6542 | D:6      | Gained mutation: Your mind is acute. (Int +2) [potion of
                  | mutation]
  6542 | D:6      | Gained mutation: One of your tentacles bears a nasty spike.
                  | [potion of mutation]
  6895 | D:7      | Reached XP level 9. HP: 45/56 MP: 9/9
  7624 | D:8      | Reached skill level 9 in Shields
  7962 | D:8      | Found Niunn's Book Emporium.
  7963 | D:8      | Noticed a two-headed ogre
  7973 | D:8      | Killed a two-headed ogre
  7973 | D:8      | Reached skill level 10 in Shields
  7973 | D:8      | Reached skill level 10 in Unarmed Combat
  7973 | D:8      | Reached XP level 10. HP: 45/63 MP: 10/10
  8063 | D:8      | Noticed a two-headed ogre
  8076 | D:8      | HP: 3/63 [two-headed ogre/+0 giant club (31)]
  8078 | D:8      | Killed a two-headed ogre
  8225 | D:8      | Bought a scroll of fear for 56 gold pieces
  8225 | D:8      | Bought a scroll of identify for 32 gold pieces
  8225 | D:8      | Bought a scroll of magic mapping for 56 gold pieces
  8225 | D:8      | Bought a scroll of identify for 32 gold pieces
  8225 | D:8      | Bought a scroll of teleportation for 48 gold pieces
  8267 | D:8      | Reached skill level 1 in Evocations
  8423 | D:8      | Noticed Psyche
  8455 | D:8      | Killed Psyche
  9221 | D:8      | Reached skill level 5 in Evocations
  9725 | D:9      | Got a translucent whip
  9726 | D:9      | Identified the +7 whip of Desertification {elec, Int+2}
                  | (You found it on level 9 of the Dungeon)
  9821 | D:9      | Reached XP level 11. HP: 49/68 MP: 16/16
 10147 | D:9      | Noticed a two-headed ogre
 10150 | D:9      | Learned a level 1 spell: Confusing Touch
 10157 | D:9      | Killed a two-headed ogre
 10392 | D:9      | Reached skill level 5 in Fighting
 10392 | D:9      | Reached skill level 5 in Dodging
 10417 | D:9      | Found a staircase to the Orcish Mines.
 10433 | D:9      | Reached skill level 1 in Hexes
 11158 | D:10     | Entered Level 10 of the Dungeon
 11460 | D:10     | Found a staircase to the Lair.
 12060 | D:5      | Bought a potion of haste for 110 gold pieces
 12060 | D:5      | Bought a potion of resistance for 110 gold pieces
 12060 | D:5      | Bought a potion of heal wounds for 55 gold pieces
 12060 | D:5      | Bought 2 potions of mutation for 176 gold pieces
 12060 | D:5      | Bought a potion of agility for 44 gold pieces
 12060 | D:5      | Bought a potion of curing for 33 gold pieces
 12060 | D:5      | Bought a potion of heal wounds for 55 gold pieces
 12060 | D:5      | Bought a potion of curing for 33 gold pieces
 12119 | D:5      | Bought a scroll of fear for 52 gold pieces
 12119 | D:5      | Bought a scroll of identify for 30 gold pieces
 12119 | D:5      | Bought a scroll of identify for 30 gold pieces
 12119 | D:5      | Bought a scroll of teleportation for 45 gold pieces
 12119 | D:5      | Bought a scroll of teleportation for 45 gold pieces
 12119 | D:5      | Bought a scroll of fear for 52 gold pieces
 12119 | D:5      | Bought a scroll of teleportation for 45 gold pieces
 12119 | D:5      | Bought a scroll of identify for 30 gold pieces
 12829 | D:11     | Noticed a green ugly thing
 12836 | D:11     | Killed a green ugly thing
 13178 | D:11     | Noticed a manticore
 13188 | D:11     | Killed a manticore
 13188 | D:11     | Reached XP level 12. HP: 73/80 MP: 17/17
 13250 | D:11     | Reached skill level 5 in Hexes
 13882 | Lair:1   | Entered Level 1 of the Lair of Beasts
 14147 | Lair:1   | Found a frozen archway.
 14933 | Lair:2   | Noticed Nergalle
 14951 | Lair:2   | Killed Nergalle
 15382 | Lair:2   | Noticed a six-headed hydra
 15396 | Lair:2   | Killed a six-headed hydra
 15479 | Lair:2   | Reached skill level 10 in Hexes
 15480 | Lair:2   | Found a staircase to the Swamp.
 15812 | Lair:3   | Found a staircase to the Snake Pit.
 16092 | Lair:3   | Found a glowing golden altar of the Shining One.
 16496 | Lair:3   | Reached XP level 13. HP: 74/86 MP: 18/18
 16507 | Lair:3   | Reached skill level 1 in Spellcasting
 17112 | Lair:3   | Bought a book of Changes for 375 gold pieces
 17637 | Lair:4   | Reached skill level 5 in Spellcasting
 18447 | Lair:4   | Learned a level 6 spell: Invisibility
 18934 | Lair:5   | You fall through a shaft!
 18934 | Lair:6   | Entered Level 6 of the Lair of Beasts
 19067 | Lair:6   | HP: 3/86 [black mamba (14)]
 19365 | Lair:6   | Found a gate leading to a gauntlet.
 19372 | Gauntlet | Entered a Gauntlet
 19372 | Gauntlet | Found a transporter.
 19372 | Gauntlet | Found a transporter.
 19373 | Gauntlet | Found a transporter.
 19376 | Gauntlet | Found a transporter.
 19376 | Gauntlet | Found a transporter.
 19380 | Gauntlet | Noticed a dire elephant
 19388 | Gauntlet | Noticed a death ooze
 19393 | Gauntlet | Found a transporter.
 19395 | Gauntlet | Noticed a minotaur
 19397 | Gauntlet | Found a transporter.
 19404 | Gauntlet | Found a transporter.
 19412 | Gauntlet | Found a transporter.
 19430 | Gauntlet | Found a transporter.
 19438 | Gauntlet | Found a transporter.
 19457 | Gauntlet | Found a transporter.
 19652 | Gauntlet | Killed a dire elephant
 19658 | Gauntlet | Got a slimy ivory ring
 19664 | Gauntlet | Identified the ring of Okawaru's Scorn {+Fly rF+ MR+ MP+9
                  | Dex-4} (You found it in a Gauntlet)
 19765 | Gauntlet | Killed a death ooze
 19867 | Gauntlet | Killed a minotaur
 20479 | Lair:6   | Reached XP level 14. HP: 41/92 MP: 27/27
 20482 | Lair:6   | Reached skill level 10 in Spellcasting
 21334 | Lair:5   | Noticed Snorg
 21775 | Lair:5   | Found a staircase to the Slime Pits.
 21969 | Lair:5   | Killed Snorg
 22273 | Lair:5   | Learned a level 3 spell: Tukima's Dance
 22618 | Lair:6   | Bought a scroll of blinking for 112 gold pieces
 22618 | Lair:6   | Bought a scroll of teleportation for 45 gold pieces
 22618 | Lair:6   | Identified a scroll of acquirement
 22622 | Lair:6   | Got an ancient pewter ring
 22623 | Lair:6   | Identified the ring "Erhotzem" {rElec MR- Str+5 Dex+4} (You
                  | acquired it on level 6 of the Lair of Beasts)
 23719 | Lair:6   | Noticed a dire elephant
 23719 | Lair:6   | Noticed a dire elephant
 23741 | Lair:6   | Killed a dire elephant
 23749 | Lair:6   | Killed a dire elephant
 24059 | Lair:6   | Noticed a dire elephant
 24358 | Orc:1    | Entered Level 1 of the Orcish Mines
 24362 | Orc:1    | Paralysed by an orc sorcerer for 4 turns
 24388 | Orc:1    | Noticed Fannar
 24399 | Orc:1    | Killed Fannar
 24693 | Orc:1    | Found a burning altar of Makhleb.
 24767 | Orc:1    | Noticed Erica
 25000 | Orc:1    | Killed Erica
 25083 | Orc:1    | Found Deifioto's Antique Armour Boutique.
 25085 | Orc:1    | Noticed Urug
 25097 | Orc:1    | Killed Urug
 25380 | Orc:2    | Entered Level 2 of the Orcish Mines
 25380 | Orc:2    | Noticed Donald
 25408 | Orc:1    | Killed Donald
 25649 | Orc:2    | Noticed Rupert
 25697 | Orc:1    | Killed Rupert
 25971 | Orc:2    | Found a staircase to the Elven Halls.
 26104 | Orc:2    | Found Zyplu's Magic Scroll Boutique.
 26155 | Orc:1    | Reached XP level 15. HP: 10/101 MP: 29/29
 27523 | Orc:2    | Found Qyrr's Food Shop.
 27905 | Orc:2    | Bought 2 scrolls of summoning for 190 gold pieces
 27905 | Orc:2    | Bought a scroll of teleportation for 30 gold pieces
 27905 | Orc:2    | Bought a scroll of teleportation for 30 gold pieces
 28818 | Orc:2    | Reached skill level 10 in Fighting
 29130 | Orc:2    | Found Nuxug's Antique Armour Emporium.
 29130 | Orc:2    | Found a one-way gate leading to the halls of Pandemonium.
 29130 | Orc:2    | Found Cucrok's Book Shoppe.
 29250 | Orc:2    | Bought a book of the Earth for 780 gold pieces
 29257 | Orc:2    | Learned a level 6 spell: Statue Form
 29602 | D:12     | Noticed Azrael
 29605 | D:12     | Reached skill level 1 in Transmutations
 29605 | D:12     | Reached skill level 1 in Earth Magic
 29611 | D:12     | Killed Azrael
 30412 | D:12     | Found Useraip's Jewellery Emporium.
 31214 | D:12     | HP: 1/103 [efreet/fireball (16)]
 32469 | D:13     | Reached skill level 5 in Earth Magic
 32472 | D:13     | Reached skill level 5 in Transmutations
 33533 | D:13     | Reached XP level 16. HP: 74/109 MP: 30/30
 34686 | D:13     | Found a gate to the Vaults.
 34802 | D:14     | Found Kixkip's Gadget Shop.
 34810 | D:14     | Bought a wand of paralysis (7) for 153 gold pieces
 34810 | D:14     | Bought a wand of digging (5) for 306 gold pieces
 34810 | D:14     | Bought a box of beasts for 340 gold pieces
 35234 | D:14     | Noticed Kirke
 35245 | D:14     | Killed Kirke
 36158 | D:15     | Entered Level 15 of the Dungeon
 36208 | D:15     | Found a shadowy altar of Dithmenos.
 36743 | D:15     | Found Loydghap's Weapon Boutique.
 37060 | D:15     | Found a staircase to the Depths.
 37653 | Snake:1  | Entered Level 1 of the Snake Pit
 38029 | Snake:1  | Noticed Aizul
 38033 | Snake:1  | Noticed Nikola
 38038 | Snake:1  | Killed Aizul
 38050 | Snake:1  | Killed Nikola
 38342 | Snake:1  | Identified Roxanne's Collected Works on Clay
 38342 | Snake:1  | Noticed Roxanne
 38359 | Snake:1  | Killed Roxanne
 38591 | Snake:1  | Noticed Agnes
 38597 | Snake:1  | Killed Agnes
 38597 | Snake:1  | Reached skill level 10 in Earth Magic
 38653 | Snake:1  | Found a hazy altar of Hepliaklqana.
 38734 | Snake:1  | Reached skill level 10 in Transmutations
 38844 | Snake:2  | Reached XP level 17. HP: 99/115 MP: 31/31
 38982 | Snake:2  | Found a burning altar of Makhleb.
 41108 | Snake:4  | Entered Level 4 of the Snake Pit
 41112 | Snake:4  | Found Pastu's Practical Paraphernalia.
 41163 | Snake:4  | Found a flickering gateway to a bazaar.
 41173 | Bazaar   | Entered a bazaar
 41173 | Bazaar   | Found Jocsabb's General Store.
 41180 | Bazaar   | Found Loru's Distillery.
 41204 | Bazaar   | Found Viuv's Food Shoppe.
 41209 | Bazaar   | Found Bemy's Gadget Emporium.
 41216 | Bazaar   | Found Nolyv's Jewellery Shoppe.
 41240 | Bazaar   | Bought a ration for 50 gold pieces
 41240 | Bazaar   | Bought a ration for 50 gold pieces
 41240 | Bazaar   | Bought a ration for 50 gold pieces
 41240 | Bazaar   | Bought a ration for 50 gold pieces
 41240 | Bazaar   | Bought a ration for 50 gold pieces
 41240 | Bazaar   | Bought a ration for 50 gold pieces
 41240 | Bazaar   | Bought a ration for 50 gold pieces
 41240 | Bazaar   | Bought a ration for 50 gold pieces
 41240 | Bazaar   | Bought a ration for 50 gold pieces
 41240 | Bazaar   | Bought a ration for 50 gold pieces
 41260 | Bazaar   | Bought a scroll of teleportation for 27 gold pieces
 41260 | Bazaar   | Bought a scroll of teleportation for 27 gold pieces
 41260 | Bazaar   | Bought a ration for 45 gold pieces
 41277 | Bazaar   | Bought a potion of resistance for 170 gold pieces
 41277 | Bazaar   | Bought a potion of cancellation for 136 gold pieces
 41277 | Bazaar   | Bought a potion of curing for 51 gold pieces
 41277 | Bazaar   | Bought a potion of haste for 170 gold pieces
 41277 | Bazaar   | Bought a potion of might for 68 gold pieces
 41277 | Bazaar   | Bought a potion of invisibility for 136 gold pieces
 41277 | Bazaar   | Bought a potion of agility for 68 gold pieces
 41277 | Bazaar   | Bought a potion of might for 68 gold pieces
 41277 | Bazaar   | Bought a potion of lignification for 51 gold pieces
 41324 | Bazaar   | Bought an uncursed ring of wizardry for 450 gold pieces
 41622 | Snake:4  | Reached skill level 11 in Shields
 41662 | Snake:4  | Reached XP level 18. HP: 20/120 MP: 32/32
 41730 | Snake:4  | Reached skill level 12 in Shields
 42111 | Snake:4  | Found Bixtotep's Assorted Antiques.
 42119 | Snake:4  | Bought a potion of agility for 108 gold pieces
 42119 | Snake:4  | Bought a potion of curing for 81 gold pieces
 42119 | Snake:4  | Bought a scroll labeled POIMYE WOAKE for 27 gold pieces
 42119 | Snake:4  | Bought a scroll of silence for 202 gold pieces
 42119 | Snake:4  | Bought a potion of curing for 81 gold pieces
 42238 | Snake:4  | Reached skill level 13 in Shields
 42336 | Snake:4  | Got a serpentine rune of Zot
 42721 | Snake:4  | Noticed Bai Suzhen
 42957 | Snake:4  | Killed Bai Suzhen
 43336 | Elf:1    | Entered Level 1 of the Elven Halls
 43447 | Elf:1    | Reached skill level 14 in Shields
 44012 | Elf:1    | Identified Sif Muna's Guide on Creative Damage Dealing
 44079 | Elf:1    | Found a deep blue altar of Sif Muna.
 44121 | Elf:1    | Learned a level 7 spell: Dragon Form
 44222 | Elf:1    | Found a runed translucent door.
 44292 | Elf:1    | Found Etemiu's Jewellery Boutique.
 44456 | Elf:1    | Noticed Soammui's ghost (adept MiBe)
 44549 | Elf:1    | Killed Soammui's ghost
 44758 | Elf:2    | Reached skill level 15 in Shields
 44816 | Elf:2    | Found a runed translucent gate.
 44816 | Elf:2    | Found a runed translucent gate.
 44819 | Elf:2    | Found a runed translucent gate.
 45012 | Elf:2    | Noticed a Hell Sentinel
 45014 | Elf:2    | Reached XP level 19. HP: 126/126 MP: 33/33
 45017 | Elf:2    | Reached skill level 16 in Shields
 45485 | Elf:2    | Cast into level 2 of the Abyss (+3 halberd of distortion)
 45630 | Abyss:2  | Noticed a lich
 45643 | Abyss:2  | Killed a lich
 45670 | Abyss:2  | Found an opulent altar of Gozag.
 45675 | Abyss:2  | Reached skill level 17 in Shields
 45719 | Abyss:2  | Found a basalt altar of Yredelemnul.
 45788 | Abyss:2  | Noticed a hellephant
 45825 | Abyss:2  | Killed a hellephant
 45873 | Elf:2    | Escaped the Abyss
 46262 | Elf:2    | Reached skill level 18 in Shields
 46374 | Elf:3    | Entered Level 3 of the Elven Halls
 46846 | Elf:3    | Noticed Saint Roka
 46861 | Elf:3    | Killed Saint Roka
 46861 | Elf:3    | Reached XP level 20. HP: 100/132 MP: 34/34
 46933 | Elf:3    | Reached skill level 19 in Shields
 47185 | Elf:3    | Cast into level 2 of the Abyss (a deep elf sorcerer)
 47373 | Elf:3    | Escaped the Abyss
 47381 | Elf:3    | Reached skill level 15 in Unarmed Combat
 47710 | Elf:3    | Identified the +5 rapier "Qanuqooph" {venom, MR+ Str-3
                  | Int+6}
 47718 | Elf:3    | Cast into level 3 of the Abyss (a deep elf sorcerer)
 47727 | Elf:3    | Escaped the Abyss
 47897 | Elf:3    | Identified the ring "Jiukhuan" {Wiz +Fly rPois Str+5 Dex+3}
 47903 | Elf:3    | Identified the cursed +1 plate armour of the Pirate {rC+
                  | Str+4}
 48039 | Elf:3    | Identified the Incunabulum of Assistive Transformation
 48046 | Elf:3    | Identified the Handbook of the Blaze and the Snowflakes
 48523 | Vaults:1 | Entered Level 1 of the Vaults
 48686 | Depths:1 | Entered Level 1 of the Depths
 48706 | Depths:1 | Noticed Asterion
 48708 | Depths:1 | HP: 5/175 [deep troll shaman (22)]
 49991 | D:15     | Killed Asterion
 50302 | Depths:1 | Reached XP level 21. HP: 124/143 MP: 35/35
 50688 | Depths:1 | Bought the ring "Xokiyd" {Wiz rC++} for 1144 gold pieces
 50956 | Swamp:1  | Entered Level 1 of the Swamp
 51166 | Swamp:1  | Paralysed by a hornet for 2 turns
 51521 | Swamp:1  | Learned a level 1 spell: Apportation
 51524 | Swamp:1  | Learned a level 2 spell: Blink
 51530 | Swamp:1  | Learned a level 5 spell: Aura of Abjuration
 51533 | Swamp:1  | Learned a level 2 spell: Passwall
 51536 | Swamp:1  | Learned a level 2 spell: Song of Slaying
 51799 | Swamp:2  | Reached skill level 1 in Charms
 51799 | Swamp:2  | Reached skill level 1 in Summonings
 51861 | Swamp:2  | Noticed Jorgrun
 51872 | Swamp:2  | Killed Jorgrun
 53161 | Swamp:4  | Entered Level 4 of the Swamp
 53244 | Swamp:4  | Reached skill level 5 in Charms
 53244 | Swamp:4  | Reached skill level 5 in Summonings
 53322 | Swamp:4  | Got a decaying rune of Zot
 55440 | Vaults:2 | Reached XP level 22. HP: 150/150 MP: 36/36
 55740 | Vaults:2 | Found a magical portal.
 55749 | WizLab   | Entered Cigotuvi's Fleshworks
 55855 | WizLab   | Gained mutation: You occasionally shout uncontrollably at
                  | your foes. [mutagenic glow]
 55897 | WizLab   | Identified Cigotuvi's Volume of Lethal Shape Shifting
 55970 | WizLab   | HP: 8/195 [Cigotuvi's Monster (24)]
 56710 | WizLab   | Gained mutation: You do not regenerate when monsters are
                  | visible. [mutagenic glow]
 56734 | WizLab   | Gained mutation: You sometimes yell uncontrollably at your
                  | foes. [mutagenic glow]
 56755 | WizLab   | Lost mutation: Your mind is acute. (Int +2) [mutagenic
                  | glow]
 56809 | WizLab   | Lost mutation: You have supernaturally acute eyesight.
                  | (SInv) [mutagenic glow]
 56809 | WizLab   | Gained mutation: Scrolls take you a little longer to read.
                  | [mutagenic glow]
 56866 | WizLab   | Gained mutation: You are frail. (-10% HP) [mutagenic glow]
 56882 | WizLab   | Paralysed by a floating eye for 2 turns
 56992 | WizLab   | Gained mutation: You are dopey. (Int -2) [mutagenic glow]
 57192 | WizLab   | Found the -2 hat of the Alchemist {rElec rPois rF+ rC+ rN+
                  | MR+ rMut rCorr}
 57521 | WizLab   | Lost mutation: Scrolls take you a little longer to read.
                  | [potion of mutation]
 57521 | WizLab   | Lost mutation: You are dopey. (Int -2) [potion of mutation]
 57521 | WizLab   | Lost mutation: You sometimes yell uncontrollably at your
                  | foes. [potion of mutation]
 57521 | WizLab   | Gained mutation: You tend to lose your temper in combat.
                  | [potion of mutation]
 57521 | WizLab   | Gained mutation: Your system is resistant to poisons.
                  | (rPois) [potion of mutation]
 57522 | WizLab   | Lost mutation: You tend to lose your temper in combat.
                  | [potion of mutation]
 57522 | WizLab   | Lost mutation: You occasionally shout uncontrollably at
                  | your foes. [potion of mutation]
 57522 | WizLab   | Lost mutation: One of your tentacles bears a nasty spike.
                  | [potion of mutation]
 57522 | WizLab   | Lost mutation: One of your tentacles bears a spike. [potion
                  | of mutation]
 57522 | WizLab   | Lost mutation: Your system is resistant to poisons. (rPois)
                  | [potion of mutation]
 57522 | WizLab   | Gained mutation: You are clumsy. (Dex -2) [potion of
                  | mutation]
 57522 | WizLab   | Gained mutation: You have a pair of small antennae on your
                  | head. [potion of mutation]
 57522 | WizLab   | Gained mutation: One of your tentacles bears a spike.
                  | [potion of mutation]
 57523 | WizLab   | Lost mutation: One of your tentacles bears a spike. [potion
                  | of mutation]
 57523 | WizLab   | Lost mutation: You are frail. (-10% HP) [potion of
                  | mutation]
 57523 | WizLab   | Lost mutation: You do not regenerate when monsters are
                  | visible. [potion of mutation]
 57523 | WizLab   | Gained mutation: You can translocate small distances at
                  | will. [potion of mutation]
 57523 | WizLab   | Gained mutation: You expend magic power (3 MP) to
                  | strengthen your wands. [potion of mutation]
 57523 | WizLab   | Gained mutation: You are partially covered in thin metallic
                  | scales. (AC +2) [potion of mutation]
 57523 | WizLab   | Gained mutation: You possess an exceptional clarity of
                  | mind. [potion of mutation]
 57524 | WizLab   | Lost mutation: You possess an exceptional clarity of mind.
                  | [potion of mutation]
 57524 | WizLab   | Lost mutation: You are clumsy. (Dex -2) [potion of
                  | mutation]
 57524 | WizLab   | Lost mutation: You expend magic power (3 MP) to strengthen
                  | your wands. [potion of mutation]
 57524 | WizLab   | Gained mutation: You are resistant to hostile enchantments.
                  | (MR+) [potion of mutation]
 57524 | WizLab   | Gained mutation: You are occasionally teleported next to
                  | monsters. [potion of mutation]
 57524 | WizLab   | Gained mutation: Your mind is acute. (Int +2) [potion of
                  | mutation]
 57525 | WizLab   | Lost mutation: You are resistant to hostile enchantments.
                  | (MR+) [potion of mutation]
 57525 | WizLab   | Lost mutation: You have a pair of small antennae on your
                  | head. [potion of mutation]
 57525 | WizLab   | Gained mutation: Your muscles are strong. (Str +2) [potion
                  | of mutation]
 57525 | WizLab   | Gained mutation: You are somewhat resistant to further
                  | mutation. [potion of mutation]
 57526 | WizLab   | Lost mutation: Your mind is acute. (Int +2) [potion of
                  | mutation]
 57526 | WizLab   | Lost mutation: Your muscles are strong. (Str +2) [potion of
                  | mutation]
 57526 | WizLab   | Lost mutation: You are somewhat resistant to further
                  | mutation. [potion of mutation]
 57526 | WizLab   | Gained mutation: Your magical capacity is low. (-10% MP)
                  | [potion of mutation]
 57526 | WizLab   | Gained mutation: You are covered in fur. (AC +1) [potion of
                  | mutation]
 57526 | WizLab   | Gained mutation: Your mind is acute. (Int +2) [potion of
                  | mutation]
 57527 | WizLab   | Lost mutation: You are occasionally teleported next to
                  | monsters. [potion of mutation]
 57527 | WizLab   | Lost mutation: You are partially covered in thin metallic
                  | scales. (AC +2) [potion of mutation]
 57527 | WizLab   | Lost mutation: You can translocate small distances at will.
                  | [potion of mutation]
 57527 | WizLab   | Gained mutation: You are clumsy. (Dex -2) [potion of
                  | mutation]
 57527 | WizLab   | Gained mutation: Your flesh is cold resistant. (rC+)
                  | [potion of mutation]
 57528 | WizLab   | Lost mutation: You are clumsy. (Dex -2) [potion of
                  | mutation]
 57528 | WizLab   | Lost mutation: You are covered in fur. (AC +1) [potion of
                  | mutation]
 57528 | WizLab   | Lost mutation: Your mind is acute. (Int +2) [potion of
                  | mutation]
 57528 | WizLab   | Gained mutation: You are somewhat resistant to further
                  | mutation. [potion of mutation]
 57528 | WizLab   | Gained mutation: Your muscles are strong. (Str +2) [potion
                  | of mutation]
 57529 | WizLab   | Lost mutation: Your muscles are strong. (Str +2) [potion of
                  | mutation]
 57529 | WizLab   | Lost mutation: Your magical capacity is low. (-10% MP)
                  | [potion of mutation]
 57529 | WizLab   | Lost mutation: Your flesh is cold resistant. (rC+) [potion
                  | of mutation]
 57529 | WizLab   | Lost mutation: You are somewhat resistant to further
                  | mutation. [potion of mutation]
 57529 | WizLab   | Gained mutation: You are frail. (-10% HP) [potion of
                  | mutation]
 57529 | WizLab   | Gained mutation: You have a pair of small antennae on your
                  | head. [potion of mutation]
 57530 | WizLab   | Lost mutation: You are frail. (-10% HP) [potion of
                  | mutation]
 57530 | WizLab   | Lost mutation: You have a pair of small antennae on your
                  | head. [potion of mutation]
 57530 | WizLab   | Gained mutation: You are agile. (Dex +2) [potion of
                  | mutation]
 57530 | WizLab   | Gained mutation: You occasionally shout uncontrollably at
                  | your foes. [potion of mutation]
 57530 | WizLab   | Gained mutation: You are very agile. (Dex +4) [potion of
                  | mutation]
 57530 | WizLab   | Gained mutation: Your muscles are strong. (Str +2) [potion
                  | of mutation]
 57568 | WizLab   | Gained mutation: You are dopey. (Int -2) [mutagenic glow]
 57610 | WizLab   | Gained mutation: Your magical capacity is low. (-10% MP)
                  | [mutagenic glow]
 57641 | WizLab   | Gained mutation: Your body sometimes deteriorates upon
                  | taking damage. [mutagenic glow]
 57735 | WizLab   | Gained mutation: Your spells are a little harder to cast,
                  | but a little more powerful. [mutagenic glow]
 57756 | WizLab   | Gained mutation: Your magical capacity is very low. (-20%
                  | MP) [mutagenic glow]
 57891 | WizLab   | Lost mutation: Your magical capacity is very low. (-20% MP)
                  | [potion of mutation]
 57891 | WizLab   | Lost mutation: You are dopey. (Int -2) [potion of mutation]
 57891 | WizLab   | Lost mutation: Your magical capacity is low. (-10% MP)
                  | [potion of mutation]
 57891 | WizLab   | Gained mutation: You possess an exceptional clarity of
                  | mind. [potion of mutation]
 57891 | WizLab   | Gained mutation: You expend magic power (3 MP) to
                  | strengthen your wands. [potion of mutation]
 57901 | WizLab   | Gained mutation: Scrolls take you a little longer to read.
                  | [mutagenic glow]
 57930 | WizLab   | Gained mutation: Your body often deteriorates upon taking
                  | damage. [mutagenic glow]
 58032 | WizLab   | Lost mutation: You expend magic power (3 MP) to strengthen
                  | your wands. [potion of mutation]
 58032 | WizLab   | Lost mutation: You occasionally shout uncontrollably at
                  | your foes. [potion of mutation]
 58032 | WizLab   | Lost mutation: Your muscles are strong. (Str +2) [potion of
                  | mutation]
 58032 | WizLab   | Gained mutation: Your magical capacity is low. (-10% MP)
                  | [potion of mutation]
 58032 | WizLab   | Gained mutation: You expend magic power (3 MP) to
                  | strengthen your wands. [potion of mutation]
 58032 | WizLab   | Gained mutation: Your muscles are strong. (Str +2) [potion
                  | of mutation]
 58032 | WizLab   | Gained mutation: Your muscles are very strong. (Str +4)
                  | [potion of mutation]
 58033 | WizLab   | Lost mutation: You possess an exceptional clarity of mind.
                  | [potion of mutation]
 58033 | WizLab   | Lost mutation: Your spells are a little harder to cast, but
                  | a little more powerful. [potion of mutation]
 58033 | WizLab   | Lost mutation: You are very agile. (Dex +4) [potion of
                  | mutation]
 58033 | WizLab   | Lost mutation: Your magical capacity is low. (-10% MP)
                  | [potion of mutation]
 58033 | WizLab   | Gained mutation: Your system is resistant to poisons.
                  | (rPois) [potion of mutation]
 58033 | WizLab   | Gained mutation: You have an increased reservoir of magic.
                  | (+10% MP) [potion of mutation]
 58080 | WizLab   | Gained mutation: Scrolls take you longer to read.
                  | [mutagenic glow]
 58103 | WizLab   | Gained mutation: Your spells are a little easier to cast,
                  | but a little less powerful. [mutagenic glow]
 58146 | WizLab   | Gained mutation: You are dopey. (Int -2) [mutagenic glow]
 58196 | WizLab   | Gained mutation: You are resistant to hostile enchantments.
                  | (MR+) [mutagenic glow]
 58197 | WizLab   | Lost mutation: Your system is resistant to poisons. (rPois)
                  | [potion of mutation]
 58197 | WizLab   | Lost mutation: Your spells are a little easier to cast, but
                  | a little less powerful. [potion of mutation]
 58197 | WizLab   | Gained mutation: You are occasionally teleported next to
                  | monsters. [potion of mutation]
 58197 | WizLab   | Gained mutation: You are partially covered in yellow
                  | scales. (AC +2) [potion of mutation]
 58198 | WizLab   | Lost mutation: You are agile. (Dex +2) [potion of mutation]
 58198 | WizLab   | Lost mutation: You have an increased reservoir of magic.
                  | (+10% MP) [potion of mutation]
 58198 | WizLab   | Lost mutation: You expend magic power (3 MP) to strengthen
                  | your wands. [potion of mutation]
 58198 | WizLab   | Gained mutation: You possess an exceptional clarity of
                  | mind. [potion of mutation]
 58199 | WizLab   | Lost mutation: Your body often deteriorates upon taking
                  | damage. [potion of mutation]
 58199 | WizLab   | Lost mutation: You are dopey. (Int -2) [potion of mutation]
 58199 | WizLab   | Lost mutation: You are occasionally teleported next to
                  | monsters. [potion of mutation]
 58199 | WizLab   | Lost mutation: Scrolls take you longer to read. [potion of
                  | mutation]
 58199 | WizLab   | Gained mutation: You are robust. (+10% HP) [potion of
                  | mutation]
 58199 | WizLab   | Gained mutation: Your system is resistant to poisons.
                  | (rPois) [potion of mutation]
 58234 | Vaults:2 | Reached skill level 10 in Summonings
 58235 | Vaults:2 | Reached skill level 10 in Charms
 58403 | Vaults:2 | Found a staircase to the Crypt.
 59073 | Vaults:2 | Found a runed translucent gate.
 59073 | Vaults:2 | Found an ancient bone altar of Kikubaaqudgha.
 59073 | Vaults:2 | Noticed shugdite's ghost (adept MiFi)
 59074 | Vaults:2 | Found a runed translucent gate.
 59074 | Vaults:2 | Found a runed translucent gate.
 59074 | Vaults:2 | Noticed an ancient lich
 59259 | Vaults:2 | Killed shugdite's ghost
 59266 | Vaults:2 | Killed an ancient lich
 59291 | Vaults:2 | Identified Kikubaaqudgha's Grimoire of Dark Magic
 59301 | Vaults:2 | Got a clouded pewter ring
 59308 | Vaults:2 | Identified the ring of Buetofaj {rC+ MR+ Int+4} (You found
                  | it on level 2 of the Vaults)
 59596 | Vaults:3 | Reached XP level 23. HP: 170/170 MP: 37/37
 59721 | Vaults:3 | HP: 11/221 [fire giant/bolt of fire (19)]
 59721 | Vaults:3 | Mangled by a stone giant

Skill      XL: |  1  2  3  4  5  6  7  8  9 10 11 12 13 14 15 16 17 18 19 20 21 22 23 |
---------------+----------------------------------------------------------------------+-----
Unarmed Combat | 3 4 5 6 8 10 12 14 16 17 | 17.0
Shields        | 4 5 6 8 10 11 15 18 19 | 19.0
Evocations     | 7 |  7.4
Fighting       | 6 7 9 10 12 | 12.4
Dodging        | 6 7 |  7.0
Hexes          | 4 11 | 11.1
Spellcasting   | 9 10 | 10.7
Transmutations | 5 10 12 | 12.1
Earth Magic    | 5 10 12 | 12.1
Charms         | 7 11 12 | 12.0
Summonings     | 7 11 12 | 12.0

Action                   |  1- 3 |  4- 6 |  7- 9 | 10-12 | 13-15 | 16-18 | 19-21 | 22-24 || total
-------------------------+-------+-------+-------+-------+-------+-------+-------+-------++-------
Melee: Unarmed           |    44 |   182 |   233 |   669 |  1211 |   911 |   860 |   482 ||  4592
       Constrict         |    13 |    48 |    53 |   107 |   173 |   126 |   138 |    51 ||   709
       Tentacles         |     5 |    35 |    56 |   163 |   379 |   268 |   227 |   185 ||  1318
       Punch             |       |     3 |    16 |    81 |   204 |   136 |   142 |   102 ||   684
       Kick              |       |       |    32 |   302 |   594 |   413 |   401 |   135 ||  1877
       Whip              |       |       |       |     1 |       |       |       |       ||     1
       Staff             |       |       |       |       |       |     5 |       |       ||     5
       Tailslap          |       |       |       |       |       |       |     5 |       ||     5
       Bite              |       |       |       |       |       |       |     1 |       ||     1
Throw: Throwing net      |       |       |     2 |       |       |     1 |       |       ||     3
       Tomahawk          |       |       |     5 |    10 |    30 |       |       |       ||    45
       Javelin           |       |       |       |       |    11 |    22 |    15 |     6 ||    54
 Cast: Confusing Touch   |       |       |       |    17 |     3 |       |       |       ||    20
       Invisibility      |       |       |       |       |     5 |       |       |       ||     5
       Statue Form       |       |       |       |       |       |    46 |    54 |    13 ||   113
       Dragon Form       |       |       |       |       |       |       |     4 |       ||     4
       Blink             |       |       |       |       |       |       |     1 |       ||     1
       Song of Slaying   |       |       |       |       |       |       |       |     3 ||     3
Invok: Call Merchant     |       |       |       |     1 |     3 |       |     1 |       ||     5
       Potion Petition   |       |       |       |     1 |     2 |     1 |       |     1 ||     5
 Abil: Breathe Fire      |       |       |       |       |       |       |     1 |       ||     1
Evoke: Wand              |       |       |    12 |    40 |    41 |     6 |    20 |     3 ||   122
       Phial of floods   |       |       |       |       |     5 |     2 |       |       ||     7
       Box of beasts     |       |       |       |       |     2 |     1 |       |     1 ||     4
       Lamp of fire      |       |       |       |       |     1 |     3 |     6 |     2 ||    12
  Use: Scroll            |     1 |     2 |     6 |    13 |    16 |     6 |     7 |     8 ||    59
       Potion            |       |       |     5 |     1 |    21 |     6 |     5 |    18 ||    56
 Stab: Sleeping          |     7 |     3 |     7 |    12 |     9 |     8 |    13 |     6 ||    65
       Distracted        |       |       |     2 |     5 |    11 |     3 |    11 |     3 ||    35
       Confused          |       |       |       |    10 |     3 |       |     1 |       ||    14
       Paralysed         |       |       |       |     7 |    21 |     1 |       |       ||    29
       Invisible         |       |       |       |       |    10 |       |       |       ||    10
       Betrayed ally     |       |       |       |       |     1 |       |       |       ||     1
  Eat: Chunk             |     2 |     8 |       |       |       |       |       |       ||    10
       Ration            |       |       |     5 |     8 |    17 |    18 |    17 |     5 ||    70
Armor: Skin              |     4 |    14 |     7 |    33 |    88 |   330 |   314 |   106 ||   896
Dodge: Dodged            |    17 |    72 |    60 |   236 |   464 |   553 |   399 |   169 ||  1970
Block: Shield            |    14 |    70 |    95 |   307 |   760 |   405 |   818 |   367 ||  2836
       Reflection        |       |       |       |       |    12 |    88 |   114 |    16 ||   230
       Buckler           |       |       |       |       |       |   373 |       |       ||   373
       Other             |       |       |       |       |       |       |     6 |       ||     6
